 Dungeon Crawl Stone Soup version 0.23-a0-4-g8f018a2 (webtiles) character file.

44 seren the Ruffian (level 3, 0/35 HPs)
             Began as an Ogre Transmuter on July 31, 2018.
             Slain by an adder (1 damage)
             ... on level 1 of the Dungeon.
             The game lasted 00:04:15 (1521 turns).

seren the Ruffian (Ogre Transmuter)                 Turns: 1521, Time: 00:04:15

Health: 0/35       AC:  3    Str: 17    XL:     3   Next: 60%
Magic:  3/7        EV: 10    Int: 17    God:
Gold:   66         SH:  0    Dex:  9    Spells: 1/7 levels left

rFire    . . .     SeeInvis .     - Unarmed
rCold    . . .     Gourm    .   (no shield)
rNeg     . . .     Faith    .   b - +0 robe
rPois    .         Spirit   .   (helmet restricted)
rElec    .         Reflect  .   (no cloak)
rCorr    .         Harm     .   (gloves unavailable)
MR       .....                  (boots unavailable)
Stlth    +.........             (no amulet)
HPRegen  0.11/turn              i - +3 ring of intelligence
MPRegen  0.10/turn              l - +2 ring of strength

@: lethally poisoned (0 -> -8), very slightly contaminated
A: large, unfitting armour, tough skin 1
a: no special abilities


You were on level 1 of the Dungeon.
You were not hungry.

You visited 1 branch of the dungeon, and saw 2 of its levels.

You collected 66 gold pieces.

Inventory:

Missiles
 a - 58 arrows
 f - 24 stones (quivered)
 j - 22 sling bullets
Armour
 b - a +0 robe (worn)
 m - a +0 large shield
Jewellery
 i - a +3 ring of intelligence (left hand)
 l - a +2 ring of strength (right hand)
 n - an uncursed ring of fire
Scrolls
 c - 2 scrolls of enchant weapon {unknown}
 e - 2 scrolls of magic mapping {unknown}
 h - 2 scrolls of remove curse {unknown}
Comestibles
 d - 4 rations


   Skills:
 + Level 2.1 Fighting
 - Level 2.0 Dodging
 * Level 3.3 Unarmed Combat
 + Level 2.8 Spellcasting
 + Level 2.1 Transmutations
 + Level 0.3 Poison Magic


You had one spell level left.
You knew the following spells:

 Your Spells              Type           Power        Failure   Level  Hunger
a - Beastly Appendage     Tmut           #.....       8%          1    #......
b - Sticks to Snakes      Tmut           #.......     11%         2    ##.....
c - Spider Form           Tmut/Pois      #.........   32%         3    ###....

Your spell library contained the following spells:

 Spells                   Type           Power        Failure   Level  Hunger
 Blade Hands              Tmut           #.........   90%         5    ######.
 Ice Form                 Ice/Tmut       #.......     75%         4    #####..


Dungeon Overview and Level Annotations

Branches:
Dungeon (2/15)

Altars:


Innate Abilities, Weirdness & Mutations

You are too large for most types of armour.
You have tough skin. (AC +1)


Message History

The adder closely misses you.
You hit the adder.
The adder is severely wounded.
Your adder barely misses the adder.
The adder barely misses you.
Your adder closely misses the adder.
Unknown command.
You miss the adder.
The adder is severely wounded.
* * * LOW HITPOINT WARNING * * *
You feel sick. The adder bites you.
* * * LOW HITPOINT WARNING * * *
You are more poisoned.
The adder poisons you!
Your adder barely misses the adder.
Unknown command.
Unknown command.
Unknown command.
You hit the adder but do no damage.
The adder is severely wounded.
The adder looks more healthy.
The adder bites you.
You die...

#.##.#
#......#.#
#.##.#
###...##..
#.##.#
#...####
#.##.#
######...####
#.##.#
#........+..#
#.##>#
#.####...##..
#.##.# #.#
###.####
#.##S######.#
#.####
#.##.S@.....#
#..#..
#........####
###..'#.
######...#
##.#...##
##.##
#.......# #.#
##.#....# #.#
##.#..... #.#
#.....♣.. #.#
#........ #.#
#........


You could see an adder and a friendly adder.

Vanquished Creatures
  An adder (D:2)
  2 dart slugs (D:1)
  A ball python (D:2)
  3 bats
  3 giant cockroaches
  3 goblins
  3 hobgoblins (D:1)
  3 jackals (D:1)
  2 frilled lizards
  3 kobolds
  6 rats
30 creatures vanquished.

Notes
Turn   | Place    | Note
-------+----------+-------------------------------------------
     0 | D:1      | seren the Ogre Transmuter began the quest for the Orb.
     0 | D:1      | Reached XP level 1. HP: 19/19 MP: 3/3
   121 | D:1      | Reached XP level 2. HP: 25/27 MP: 5/5
   183 | D:1      | Reached skill level 3 in Unarmed Combat
   474 | D:1      | Reached XP level 3. HP: 27/35 MP: 5/7
   891 | D:1      | Learned a level 2 spell: Sticks to Snakes
   895 | D:1      | Learned a level 3 spell: Spider Form
  1520 | D:1      | HP: 1/35 [adder (1)]
  1521 | D:1      | Slain by an adder

Vault maps used:
D:1:      nicolae_arrival_somewhat_less_tricky_arrival, st_stairs_13
D:2:      nicolae_overflow_crystal_walls, first_ration, minmay_split_cup_large

Skill      XL: |  1  2  3 |
---------------+----------+-----
Unarmed Combat | 3 |  3.3
Dodging        | 2 |  2.0
Transmutations | 2 |  2.1
Fighting       | 2 |  2.1
Spellcasting   | |  2.8
Poison Magic   | |  0.3

Action                   || total
-------------------------++-------
Melee: Unarmed           ||   108
       Headbutt          ||     1
       Punch             ||     1
       Kick              ||     2
Throw: Stone             ||     4
 Cast: Beastly Appendage ||     2
       Sticks to Snakes  ||     1
  Use: Potion            ||     1
  Eat: Chunk             ||     2
Armor: Robe              ||    43
Dodge: Dodged            ||    68

Table legend:
 A = Spawn XP
 B = Non-spawn XP
 C = Spawn XP percentage of total XP
 D = Spawn monster count
 E = Non-spawn monster count
 F = Spawn count percentage of total count
 G = Total turns spent on level
                    A         B        C        D         E        F      G
               +---------+---------+-------+---------+---------+-------+---------
         Total |       0 |      63 |   0.0 |       0 |      30 |   0.0 |  1521
               +---------+---------+-------+---------+---------+-------+---------
           D:1 |       0 |      40 |   0.0 |       0 |      22 |   0.0 |  1082
           D:2 |       0 |      23 |   0.0 |       0 |       8 |   0.0 |   439
               +---------+---------+-------+---------+---------+-------+---------
